 Dungeon Crawl Stone Soup version 0.16-a0-2955-gfa193e0 (webtiles) character file.

1562159 Ratboiler the Intangible (level 27, 244/244 HPs)
             Began as a Merfolk Wanderer on Dec 2, 2014.
             Was a High Priest of Okawaru.
             Escaped with the Orb
             ... and 3 runes on Dec 4, 2014!
             The game lasted 04:38:29 (90926 turns).

Ratboiler the Intangible (Merfolk Wanderer)        Turns: 90926, Time: 04:38:30

Health: 244/244    AC: 32    Str: 12    XL:     27
Magic:  39/39      EV: 40    Int: 16    God:    Okawaru [*****.]
Gold:   6110       SH: 37    Dex: 35    Spells: 8 memorised, 11 levels left

rFire  + . .     SeeInvis +     a - +7 demon trident "Worm's Wrath" {flame, MR+ Int+1 Dex+3}
rCold  + . .     Clarity  .     F - +7 swamp dragon armour
rNeg   . . .     SustAb   .     I - +12 large shield of Phy Riu {Dex+3}
rPois  +         Gourm    .     S - +2 helmet "Pliodwaf" {rC++ Int+3 Stlth+}
rElec  .         Spirit   .     H - +2 cloak {MR+}
rCorr  .         Warding  .     E - +2 pair of gloves {Dex+3}
rMut   +         Stasis   .     M - +2 pair of boots
MR     ++++.                    L - amulet of resist mutation
Stlth  +.........               n - ring of see invisible
                                z - ring of fire

@: incredibly resistant to hostile enchantments, very unstealthy
A: change form in water, swift swim
a: Heroism, Finesse, Renounce Religion
0: Orb of Zot
}: 3/15 runes: decaying, slimy, gossamer


You escaped.
You worshipped Okawaru.
Okawaru was extremely pleased with you.
You were full.

You visited 11 branches of the dungeon, and saw 61 of its levels.
You visited the Abyss 1 time.
You visited 1 ziggurat, and saw 7 of its levels.
You also visited: Trove, Sewer, Ossuary and Volcano.

You collected 9323 gold pieces.
You spent 3213 gold pieces at shops.

Inventory:

Hand weapons
 a - the +7 demon trident "Worm's Wrath" (weapon) {flame, MR+ Int+1 Dex+3}
   (Okawaru gifted it to you on level 1 of the Vaults)

   It emits flame when wielded, causing extra injury to most foes and up to
   double damage against particularly susceptible opponents.
   It affects your intelligence (+1).
   It affects your dexterity (+3).
   It affects your resistance to hostile enchantments.
Missiles
 J - 3 tomahawks (quivered)
Armour
 D - the -1 helmet "Orchaeli" {rF+ rN+}
   (Okawaru gifted it to you on level 4 of the Realm of Zot)

   It protects you from fire.
   It protects you from negative energy.
 E - a +2 pair of gloves of dexterity (worn)
 F - a +7 swamp dragon armour (worn)
 H - a +2 cloak of magic resistance (worn)
 I - the +12 large shield of Phy Riu (worn) {Dex+3}
   (Okawaru gifted it to you on level 3 of the Depths)

   It affects your dexterity (+3).
 M - a +2 pair of boots (worn)
 S - the +2 helmet "Pliodwaf" (worn) {rC++ Int+3 Stlth+}
   (You found it on level 6 of the Pits of Slime)

   It affects your intelligence (+3).
   It greatly protects you from cold.
   It makes you more stealthy.
Jewellery
 n - a ring of see invisible (right hand)
 y - the ring "Nout" {Str+4 Dex+2 Stlth++}
   (You found it on level 2 of the Depths)

   [ring of dexterity]

   It affects your strength (+4).
   It affects your dexterity (+2).
   It makes you much more stealthy.
 z - a ring of fire (left hand)
 B - the amulet of the Four Winds {Clar rN+ MR+++}
   (You found it on level 3 of a ziggurat)

   [amulet of clarity]

   It provides mental clarity.
   It protects you from negative energy.
   It affects your resistance to hostile enchantments.
 L - an amulet of resist mutation (around neck)
Magical devices
 j - a wand of digging (11)
 m - a wand of heal wounds (6)
 C - a wand of teleportation (3)
 V - a wand of hasting (8)
 X - a wand of paralysis (9)
Scrolls
 b - 2 scrolls of summoning
 i - 8 scrolls of recharging
 l - 9 scrolls of blinking
 o - 11 scrolls of fear
 p - 10 scrolls of fog
 r - 15 scrolls of enchant weapon
 s - 3 scrolls of enchant armour
 v - 32 scrolls of remove curse
 R - 18 scrolls of teleportation
Potions
 d - a potion of brilliance
 f - 11 potions of curing
 q - 4 potions of invisibility
 w - 4 potions of cancellation
 G - 5 potions of might
 K - 8 potions of berserk rage
 O - 7 potions of restore abilities
 P - 3 potions of resistance
 Q - 8 potions of agility
 T - 4 potions of haste
Miscellaneous
 c - a fan of gales
 e - a lamp of fire (inert)
 t - a lamp of fire (inert, charging)
 u - a phial of floods
 x - a phial of floods
 A - a lamp of fire (inert)
 N - a lamp of fire
 Y - 4 phantom mirrors
 Z - a fan of gales
Comestibles
 g - 27 bread rations


   Skills:
 + Level 25.8 Fighting
 - Level 14.1 Polearms
 - Level 1.0 Throwing
 - Level 12.2 Armour
 O Level 27 Dodging
 - Level 1.1 Stealth
 - Level 25.0 Shields
 - Level 2.1 Unarmed Combat
 - Level 5.9 Charms
 - Level 4.3 Necromancy
 - Level 6.7 Translocations
 - Level 3.1 Air Magic
 - Level 11.1 Invocations
 - Level 15.1 Evocations


You had 11 spell levels left.
You knew the following spells:

 Your Spells              Type           Power        Failure   Level  Hunger
a - Summon Butterflies    Summ           #.......     28%         1    ##.....
b - Apportation           Tloc           ###.......   1%          1    ##.....
c - Shroud of Golubria    Chrm/Tloc      ###.......   3%          2    ###....
d - Animate Skeleton      Necr           N/A          6%          1    ##.....
e - Regeneration          Chrm/Necr      ###.......   12%         3    ####...
f - Repel Missiles        Chrm/Air       ##....       8%          2    ###....
g - Swiftness             Chrm/Air       ##......     8%          2    ###....
h - Flight                Chrm/Air       ##........   14%         3    ####...


Dungeon Overview and Level Annotations

Branches:
Dungeon (15/15)            Temple (1/1) D:6            Lair (8/8) D:8
  Swamp (5/5) Lair:3       Spider (5/5) Lair:4        Slime (6/6) Lair:8
    Orc (4/4) D:10            Elf (3/3) Orc:3        Vaults (4/5)
  Crypt (0/3) Vaults:3     Depths (5/5) D:15            Zot (5/5) Depths:5

Altars:
Ashenzari
Cheibriados
Dithmenos
Elyvilon
Fedhas
Gozag
Kikubaaqudgha
Makhleb
Nemelex Xobeh
Okawaru
Qazlal
Ru
Sif Muna
Trog
Vehumet
Xom
Yredelemnul
Zin
The Shining One
Beogh
Jiyva
Lugonu

Shops:
Orc:1 [   Orc:4 (%((   Elf:3 *   Vaults:1 %   Vaults:3 (   Depths:2 }

Portals:
Hell: Depths:1 Depths:2 Depths:3 Depths:4 Depths:5
Abyss: Depths:1* Depths:3 Depths:4 Depths:5
Pandemonium: Depths:2 Depths:3

Annotations:
D:3 Grinder
Lair:3 1 exclusion
Swamp:5 Nikola
Orc:4 runed door
Elf:2 runed door
Depths:3 Mara


Message History

There is a stone staircase leading up here.
You climb upwards.
You sense a powerful magical force warping space.
There is a stone staircase leading down here.
There is an open door here.
Your magical contamination has completely faded away.
There is a stone staircase leading up here.
You climb upwards.
You sense a powerful magical force warping space.
There is a stone staircase leading down here.
A goblin comes into view.
The goblin shouts!
The goblin moves out of view.
Evoke which item? (* to show all) (? for menu, Esc to quit)
Zapping:
j - a wand of digging (12)
Press: ? - help, Shift-Dir - straight line The rock shatters into small pieces.
This wand has 11 charges left.
There is an open door here.
There is a staircase leading out of the dungeon here.
You have escaped!

#.# #..##.............# #
#.####..##.###########.##########
#........#..#.......#..#.........
g.......##.#.#######.#.######....
######.###.##.......##.# #....
#.# #.#.###'###.#.# #..⌠. ###.#
#÷#.#.....#.#.# #.... #
#...###.#.#.....#.#.######.... #
#.#.'.'.#.'..@..'.#.'.'.#####. #
#.#####.#.#.....#.#[###....... #
#.# #.#.#.....#.#.##.#####.. #
#.# #.#.###g###.#.##.# #.. # #.#
#.##.......##.#..# #.. # #.#
#.#.##.####.#.##.# #.. #.#
#..#.......#..##.#####.# #.#
#.######.####.##.......# #.#
#.............####..####


You could see a goblin.

Vanquished Creatures
  4 orbs of fire
  Mara (Depths:3)
  9 ancient liches
  A shard shrike (Slime:6)
  Norris (Vaults:3)
  A curse toe (Zot:3)
  5 Killer Klowns
  7 golden dragons
  2 bone dragons (Depths:5)
  Xtahua (Depths:5)
  Frederick (Depths:4)
  14 tentacled monstrosities
  5 electric golems
  A caustic shrike (Depths:3)
  24 Orb Guardians
  A titan (Depths:3)
  7 liches
  3 deep elf blademasters (Elf:3)
  5 deep elf master archers (Elf:3)
  A Shadow Fiend (Zot:2)
  2 quicksilver dragons
  10 acid blobs
  5 sphinxes
  A tentacled starspawn (Abyss:2)
  Rupert (Swamp:2)
  3 tengu reavers
  An ancient champion (Vaults:3)
  Kirke (D:13)
  6 shadow dragons
  2 Executioners
  2 thorn hunters
  16 storm dragons
  Roxanne (Elf:1)
  11 fire giants
  13 draconian monks
  4 azure jellies
  18 vault wardens
  Donald (Vaults:4)
  An iron dragon (Depths:4)
  Maud (D:14)
  2 greater nagas
  8 frost giants
  An orc warlord (Orc:3)
  8 ghost moths
  6 draconian scorchers
  Aizul (Vaults:3)
  Louise (Elf:3)
  10 emperor scorpions
  3 draconian knights
  A balrug (Depths:1)
  9 draconian zealots
  A cacodemon (Zot:5)
  Jorgrun (Depths:5)
  2 spriggan defenders (Depths:3)
  7 deep elf sorcerers
  5 draconian annihilators
  A war gargoyle (Vaults:2)
  A vampire knight (Depths:3)
  17 stone giants
  10 very ugly things
  4 draconian shifters
  9 grey draconians
  13 green draconians
  5 deep elf demonologists
  2 rakshasas (Depths:3)
  11 black draconians
  9 deep elf annihilators
  7 draconian callers
  13 red draconians
  8 purple draconians
  7 mottled draconians
  12 yellow draconians
  8 dire elephants
  6 white draconians
  7 pale draconians
  8 ettins
  A purple draconian (shapeshifter) (Elf:3)
  12 ironheart preservers
  6 deep elf death magi
  2 green deaths
  4 minotaurs
  13 yaktaur captains
  8 vault guards
  12 great orbs of eyes
  16 fire dragons
  15 ogre magi
  2 deep elf high priests (Elf:3)
  9 death cobs
  25 ice dragons
  Fannar (D:10)
  Harold (D:14)
  16 centaur warriors
  9 deep troll earth magi
  29 hydras
  5 spriggan air magi
  Nessos (D:14)
  Erica (D:14)
  A ghost crab (Swamp:5)
  14 dancing weapons (Elf:2)
  5 alligators
  2 anacondas (Zig:4)
  11 deep troll shamans
  22 death yaks
  3 sun demons
  6 orc high priests (Orc:4)
  2 tengu warriors
  A spriggan berserker (Depths:4)
  2 shock serpents (Zig:7)
  2 soul eaters
  A naga sharpshooter (Zig:7)
  Nergalle (Lair:6)
  2 shadow wraiths
  A fire crab (Vaults:2)
  8 large abominations
  A wretched star (Zig:6)
  24 deep elf knights
  3 skeletal warriors
  3 iron trolls (Depths:3)
  2 salamander mystics
  2 hell knights (Depths:5)
  25 deep trolls
  2 fire crabs (shapeshifter)
  A wizard (Depths:3)
  A flayed ghost (Vaults:3)
  A spriggan druid (Swamp:4)
  A death drake (Zot:3)
  13 swamp dragons
  4 giant orange brains
  2 unseen horrors
  A lindwurm (shapeshifter) (Depths:2)
  9 deep elf summoners
  11 hill giants
  2 shambling mangroves
  11 ironbrand convokers
  2 naga ritualists
  A tengu zombie (D:15)
  16 red wasps
  8 orc sorcerers
  2 necromancers
  11 deep elf conjurers
  A salamander (shapeshifter) (Depths:1)
  5 griffons
  36 ugly things
  An ugly thing zombie (Vaults:1)
  A draconian (shapeshifter) (Vaults:3)
  A faun (shapeshifter) (Depths:3)
  A worldbinder (Abyss:2)
  A phantasmal warrior (D:15)
  25 wolf spiders
  22 orc knights
  2 shining eyes
  4 manticores
  17 orb spiders
  5 salamanders (Volcano)
  A fire giant skeleton (D:15)
  A sixfirhy (Zot:3)
  25 moths of wrath
  3 cyclopes
  4 centaur zombies
  A moth of wrath (shapeshifter) (Depths:2)
  5 black mambas
  16 elephants
  A rust devil (Zot:1)
  An apocalypse crab (Zig:5)
  2 torpor snails
  12 vault sentinels
  A guardian serpent (shapeshifter) (Vaults:3)
  25 spiny frogs
  A torpor snail (shapeshifter) (Vaults:1)
  2 molten gargoyles (Volcano)
  An eye of devastation (Slime:6)
  A hellion (Depths:2)
  A smoke demon (Zot:2)
  4 guardian serpents (Zig:7)
  2 orange demons (Depths:2)
  2 orange crystal statues
  Psyche (D:8)
  7 komodo dragons
  A yaktaur zombie (D:15)
  A kobold demonologist (D:15)
  4 fire drakes
  4 naga magi
  83 yaktaurs
  7 demonic crawlers
  13 deep elf priests
  A guardian mummy (Zot:3)
  25 jumping spiders
  2 queen bees (shapeshifter) (Vaults:1)
  14 trolls
  2 hellwings
  A silent spectre (Vaults:3)
  A troll (shapeshifter) (Vaults:4)
  A two-headed ogre (shapeshifter) (D:14)
  4 freezing wraiths (Vaults:4)
  A tengu conjurer (Depths:4)
  4 polar bears
  6 bog bodies
  6 giant leeches
  A blink frog (shapeshifter) (Depths:3)
  Prince Ribbit (Orc:1)
  5 boulder beetles
  10 ravens
  20 trapdoor spiders
  28 blink frogs
  64 slime creatures
  A fire giant simulacrum (Vaults:3)
  27 two-headed ogres
  A basilisk (shapeshifter) (Vaults:1)
  A trapdoor spider zombie (D:13)
  2 air elementals (Depths:5)
  A tarantella (shapeshifter) (Vaults:2)
  31 redbacks
  A ynoxinul (Depths:2)
  A trapdoor spider (shapeshifter) (Depths:3)
  3 water elementals (Depths:2)
  A spriggan (shapeshifter) (Depths:2)
  2 shadows
  24 tarantellas
  2 yaktaur simulacra
  3 basilisks
  36 deep elf magi
  A golden eye (Zig:6)
  34 yaks
  2 hippogriffs (shapeshifter)
  7 spriggans
  2 fire bats (Volcano)
  A steam dragon (D:11)
  4 hogs
  2 humans (shapeshifter)
  3 wyverns
  49 deep elf fighters
  10 hippogriffs
  2 hungry ghosts
  41 vampire mosquitoes
  A wolf (D:10)
  2 chaos spawn (Zig:5)
  2 human zombies
  A neqoxec (Zig:6)
  A steam dragon (shapeshifter) (Vaults:2)
  29 swamp worms
  Menkaure (Ossuary)
  6 wargs
  11 insubstantial wisps
  A mottled dragon (Vaults:2)
  12 porcupines
  14 swamp drakes
  21 water moccasins
  34 spiders
  7 yellow wasps
  3 black bears
  73 orc warriors
  7 ice beasts
  A necrophage (D:6)
  4 sky beasts
  2 small abominations (Abyss:2)
  A phantom (Swamp:1)
  A tengu (shapeshifter) (Vaults:2)
  15 boggarts
  18 crocodiles
  73 ogres
  13 centaurs
  2 eyes of draining (shapeshifter)
  A boring beetle (Lair:7)
  A big kobold (D:11)
  A wyvern zombie (D:7)
  30 giant frogs
  A gnoll sergeant (D:6)
  3 scorpions
  A boulder beetle zombie (Vaults:1)
  10 killer bees
  3 vampire bats (Lair:2)
  7 electric eels
  6 starcursed masses
  7 crimson imps
  8 hounds
  A giant frog skeleton (D:10)
  A goliath beetle (D:7)
  18 jellies
  5 iguanas
  34 orc priests
  An iron imp (Depths:2)
  6 centaur skeletons
  2 quasits (Depths:2)
  3 orange rats (Elf:1)
  15 worker ants
  34 orc wizards
  25 sheep
  Ijyb (D:2)
  Jessica (D:2)
  2 yellow wasp simulacra (D:10)
  Terence (D:3)
  A hound skeleton (D:6)
  2 mummies (Ossuary)
  3 worker ant zombies
  Robin (D:2)
  13 gnolls
  74 river rats
  29 adders
  4 shadow imps
  3 white imps (Depths:2)
  A worm (D:3)
  7 ufetubi
  A worker ant simulacrum (D:10)
  An adder skeleton (D:7)
  An adder zombie (D:8)
  4 oozes
  308 orcs
  A bat skeleton (D:7)
  10 giant cockroaches
  30 goblins
  16 hobgoblins
  5 jackals (D:1)
  13 quokkas
  15 ball pythons
  12 bats
  A giant cockroach zombie (D:5)
  4 giant geckos
  7 giant newts
  2 giant spores
  A gnoll skeleton (Ossuary)
  5 gnoll zombies (Ossuary)
  3 goblin skeletons (Ossuary)
  2 goblin zombies (Ossuary)
  A hobgoblin skeleton (Ossuary)
  3 hobgoblin zombies (Ossuary)
  26 kobolds
  3 kobold skeletons (Ossuary)
  A kobold zombie (Ossuary)
  2 orc skeletons (Ossuary)
  5 orc zombies
  A quokka skeleton (D:8)
  39 rats
  2 rat skeletons (Ossuary)
  2 rat zombies (Ossuary)
  5 ballistomycetes
  A crawling corpse (Vaults:1)
  2 fungi (Elf:3)
  A starspawn tentacle (Abyss:2)
2955 creatures vanquished.

Vanquished Creatures (collateral kills)
  A starcursed mass (Zig:6)
  An Orb Guardian (Zot:5)
  An ice dragon (Zot:5)
  A fire giant skeleton (Zig:6)
  A large abomination (Depths:2)
  A goblin skeleton (Orc:4)
6 creatures vanquished.

Vanquished Creatures (others)
  A fire giant (Depths:3)
  2 draconian knights
  A draconian zealot (Zot:1)
  A death cob (Zot:3)
  2 deep elf knights
  2 unseen horrors
  A spiny frog (Lair:8)
  7 fire elementals
  A fire drake (Swamp:5)
  A yaktaur (Vaults:3)
  A bog body (Swamp:4)
  A blink frog (Lair:8)
  3 deep elf magi
  A wraith (Abyss:2)
  A deep elf fighter (Elf:2)
  2 vampire mosquitoes
  A water moccasin (Zig:3)
  An orc warrior (Orc:4)
  A boggart (Vaults:3)
  3 ogres
  2 centaurs
  2 lost souls (Elf:3)
  A crimson imp (Zot:5)
  2 orc priests (Orc:4)
  An orc wizard (Orc:4)
  A mummy (Ossuary)
  An ooze (shapeshifter) (Vaults:1)
  An orc (Vaults:2)
  2 gnoll zombies (Ossuary)
  A goblin (Orc:4)
  A hobgoblin (D:6)
  3 goblin skeletons (Ossuary)
  5 goblin zombies (Ossuary)
  3 hobgoblin skeletons (Ossuary)
  3 kobold skeletons (Ossuary)
  3 orc skeletons (Ossuary)
  An orc zombie (Ossuary)
  A rat skeleton (Ossuary)
  2 rat zombies (Ossuary)
  7 fungi
  4 plants
  3 singularities (Zot:2)
  2 starspawn tentacles (Abyss:2)
  2 starspawn tentacle segments (Abyss:2)
88 creatures vanquished.

Grand Total: 3049 creatures vanquished

Notes
Turn   | Place    | Note
--------------------------------------------------------------
     0 | D:1      | Ratboiler, the Merfolk Wanderer, began the quest for the Orb.
     0 | D:1      | Ratboiler set off with: a potion of heal wounds, a scroll of blinking, a scroll of teleportation, a potion of lignification, a +0 robe, a +0 dagger, a bread ration
     0 | D:1      | Reached XP level 1. HP: 18/18 MP: 1/1
   119 | D:1      | Reached skill level 1 in Dodging
   265 | D:1      | Reached XP level 2. HP: 20/24 MP: 2/2
  1087 | D:1      | Reached XP level 3. HP: 29/29 MP: 3/3
  1516 | D:1      | Reached skill level 4 in Dodging
  1892 | D:2      | Noticed Jessica
  1897 | D:2      | Noticed Ijyb
  1905 | D:2      | Killed Jessica
  1905 | D:2      | Reached XP level 4. HP: 31/35 MP: 4/4
  1922 | D:2      | Killed Ijyb
  2411 | D:2      | Found a shimmering altar of Xom.
  2434 | D:2      | Noticed Robin
  2470 | D:2      | Killed Robin
  2479 | D:2      | Reached skill level 5 in Polearms
  2789 | D:3      | Found a glowing golden altar of the Shining One.
  2881 | D:3      | Found a glowing drain.
  2906 | D:3      | Reached XP level 5. HP: 35/41 MP: 5/5
  2919 | Sewer    | Entered a sewer
  3343 | Sewer    | Reached skill level 6 in Polearms
  3617 | Sewer    | Reached skill level 7 in Polearms
  3782 | Sewer    | Reached XP level 6. HP: 42/47 MP: 7/7
  3938 | Sewer    | Reached skill level 8 in Polearms
  4050 | D:3      | Noticed Terence
  4071 | D:3      | Killed Terence
  4202 | D:3      | Reached skill level 9 in Polearms
  4651 | D:3      | Reached XP level 7. HP: 45/52 MP: 8/8
  5055 | D:3      | Noticed Grinder
  5057 | D:3      | Paralysed by Grinder for 5 turns
  5209 | D:4      | Found a white marble altar of Elyvilon.
  5236 | D:4      | Found a staircase to the Ecumenical Temple.
  5244 | D:4      | Found a sparkling altar of Nemelex Xobeh.
  5246 | D:4      | Found a white marble altar of Elyvilon.
  5249 | D:4      | Found a glowing silver altar of Zin.
  5317 | D:4      | Reached skill level 10 in Polearms
  6054 | D:5      | Entered Level 5 of the Dungeon
  6133 | D:5      | Found a sand-covered staircase.
  6137 | Ossuary  | Entered an ossuary
  6610 | Ossuary  | Noticed Menkaure
  6991 | Ossuary  | Killed Menkaure
  7371 | D:4      | Reached skill level 11 in Polearms
  7613 | D:5      | Noticed a moth of wrath
  7616 | D:5      | Found a bloodstained altar of Trog.
  7727 | D:5      | Reached XP level 8. HP: 58/58 MP: 9/9
  8010 | D:5      | Got an ancient spear
  8011 | D:5      | Identified the +3 spear of Byloxt {drain, MR++} (You found it on level 5 of the Dungeon)
  8096 | D:5      | Reached skill level 12 in Polearms
  8239 | D:6      | Found a staircase to the Ecumenical Temple.
  8263 | Temple   | Entered the Ecumenical Temple
  8565 | D:6      | Reached skill level 13 in Polearms
  8935 | D:6      | Reached skill level 14 in Polearms
  9088 | D:6      | Reached skill level 5 in Dodging
  9088 | D:6      | Reached XP level 9. HP: 59/64 MP: 10/10
  9417 | D:7      | Found an opulent altar of Gozag.
  9451 | D:7      | Noticed a centaur skeleton
  9612 | D:8      | Found an iron altar of Okawaru.
  9621 | D:8      | Became a worshipper of Warmaster Okawaru
 10296 | D:7      | Killed a centaur skeleton
 10296 | D:7      | Acquired Okawaru's first power
 10442 | D:7      | Reached skill level 10 in Dodging
 10554 | D:8      | Found a staircase to the Lair.
 10644 | D:8      | Noticed Psyche
 10660 | D:8      | Killed Psyche
 10933 | D:8      | Reached skill level 10 in Shields
 10933 | D:8      | Reached XP level 10. HP: 70/70 MP: 15/15
 11178 | D:8      | Reached skill level 1 in Invocations
 11178 | D:8      | Reached XP level 11. HP: 75/75 MP: 16/16
 11428 | D:9      | Found a shattered altar of Ashenzari.
 11647 | D:10     | Entered Level 10 of the Dungeon
 11717 | Lair:1   | Entered Level 1 of the Lair of Beasts
 12699 | Lair:2   | Reached skill level 5 in Evocations
 13562 | Lair:3   | Got a distressingly furry scale mail
 13606 | Lair:3   | Identified the cursed -5 scale mail of Threavi {rElec Dex-1} (You found it on level 3 of the Lair of Beasts)
 13844 | Lair:3   | Reached skill level 1 in Armour
 13946 | Lair:3   | Reached skill level 5 in Fighting
 14179 | Lair:3   | Found a bloodstained altar of Trog.
 14394 | Lair:3   | Reached XP level 12. HP: 86/86 MP: 21/21
 14680 | Lair:4   | Acquired Okawaru's second power
 14697 | Lair:4   | Found a hole to the Spider Nest.
 14809 | Lair:4   | Received a gift from Okawaru
 15397 | Lair:4   | Got a scorched whip
 15398 | Lair:4   | Identified the +11 whip of Truncation {freeze, -Cast MR+} (You found it on level 4 of the Lair of Beasts)
 15767 | Lair:4   | Received a gift from Okawaru
 15817 | Lair:4   | Reached skill level 5 in Armour
 16214 | Lair:5   | Noticed a death yak
 16215 | Lair:5   | Noticed a death yak
 16357 | Lair:5   | Noticed a four-headed hydra
 16381 | Lair:5   | Killed a four-headed hydra
 16579 | Lair:6   | Noticed Nergalle
 17098 | Lair:6   | Killed Nergalle
 17166 | Lair:6   | Reached XP level 13. HP: 97/99 MP: 22/22
 17323 | Lair:6   | Upgraded the game from 0.16-a0-2930-gdd371d7 to 0.16-a0-2939-g3ffa1c3
 17624 | Lair:7   | Received a gift from Okawaru
 18372 | Lair:7   | Reached skill level 15 in Dodging
 18467 | Lair:7   | Reached skill level 10 in Fighting
 18765 | Lair:8   | Entered Level 8 of the Lair of Beasts
 18793 | Lair:8   | Found a labyrinth entrance.
 19280 | Lair:7   | Received a gift from Okawaru
 20181 | Lair:8   | Reached skill level 16 in Dodging
 20360 | Lair:7   | Received a gift from Okawaru
 20676 | Lair:8   | Reached XP level 14. HP: 68/114 MP: 23/23
 21064 | Lair:8   | Found a staircase to the Slime Pits.
 21533 | D:10     | Found a staircase to the Orcish Mines.
 21730 | D:10     | Found a sacrificial altar of Ru.
 21860 | D:10     | Noticed Fannar
 21890 | D:10     | Killed Fannar
 22614 | D:11     | Reached skill level 17 in Dodging
 23238 | Orc:1    | Entered Level 1 of the Orcish Mines
 23253 | Orc:1    | Found a bloodstained altar of Trog.
 23266 | Orc:1    | Found Kausog's Antique Armour Shop.
 23284 | Orc:1    | Bought a jewelled ring mail for 243 gold pieces
 23354 | Orc:1    | Received a gift from Okawaru
 23408 | Orc:1    | Found a dark tunnel.
 23413 | Volcano  | Entered a volcano
 23564 | Volcano  | Found a bloodstained altar of Trog.
 23945 | Volcano  | Identified the +3 ring mail of Proximity {MR+ rCorr} (You bought it in a shop on level 1 of the Orcish Mines)
 24399 | Orc:1    | Noticed Prince Ribbit
 24443 | Orc:1    | Killed Prince Ribbit
 24986 | Orc:2    | Found a roughly hewn altar of Beogh.
 25759 | Orc:3    | Found a staircase to the Elven Halls.
 25914 | Orc:4    | Entered Level 4 of the Orcish Mines
 25932 | Orc:4    | Received a gift from Okawaru
 26553 | Orc:4    | Found a roughly hewn altar of Beogh.
 26659 | Orc:4    | Reached skill level 18 in Dodging
 26767 | Orc:4    | Found Piatolit's Food Emporium.
 26783 | Orc:4    | Found Shruaweor's Antique Weapon Shoppe.
 26850 | Orc:4    | Bought a glowing trident for 98 gold pieces
 27656 | Orc:4    | Found a runed door.
 28073 | Orc:4    | Noticed an orc warlord
 28429 | Orc:3    | Killed an orc warlord
 28429 | Orc:3    | Reached XP level 15. HP: 109/126 MP: 24/24
 29108 | Orc:4    | Found Wumesch's Antique Weapon Shoppe.
 29245 | Orc:4    | Found a roughly hewn altar of Beogh.
 29257 | Orc:4    | Found Cuutasti's Antique Weapon Emporium.
 29470 | D:12     | Found a glowing golden altar of the Shining One.
 29558 | D:12     | Received a gift from Okawaru
 29752 | D:12     | Reached skill level 19 in Dodging
 30571 | D:13     | Found a gate to the Vaults.
 30688 | D:13     | Reached skill level 15 in Fighting
 30852 | D:14     | Noticed Maud
 30945 | D:14     | Noticed Harold
 30976 | D:14     | Killed Harold
 31037 | D:14     | Noticed Kirke
 31075 | D:14     | Noticed a sphinx
 31111 | D:13     | Killed Kirke
 31317 | D:14     | Noticed Nessos
 31380 | D:14     | Killed Nessos
 31620 | D:14     | Killed Maud
 31848 | D:14     | Noticed Erica
 31861 | D:14     | Killed Erica
 31861 | D:14     | Reached skill level 20 in Dodging
 32515 | Lair:3   | Found a staircase to the Swamp.
 32541 | Swamp:1  | Entered Level 1 of the Swamp
 32688 | Swamp:1  | Received a gift from Okawaru
 32710 | Swamp:1  | Got a brightly glowing chain mail {god gift}
 32721 | Swamp:1  | Identified the +2 chain mail "Udwo Hif" {rC++ Int+2} (Okawaru gifted it to you on level 1 of the Swamp)
 33094 | Swamp:1  | Reached XP level 16. HP: 117/138 MP: 25/25
 34334 | Swamp:2  | Noticed Rupert
 34376 | Swamp:2  | Killed Rupert
 37181 | Swamp:5  | Entered Level 5 of the Swamp
 37191 | Swamp:5  | Noticed a thorn hunter
 37608 | Swamp:4  | Received a gift from Okawaru
 37835 | Swamp:4  | Killed a thorn hunter
 38792 | Swamp:5  | Reached XP level 17. HP: 145/149 MP: 26/26
 38875 | Swamp:5  | Noticed a thorn hunter
 39231 | Swamp:5  | Killed a thorn hunter
 39443 | Swamp:5  | Got a decaying rune of Zot
 39655 | Swamp:5  | Noticed Nikola
 39903 | Spider:1 | Entered Level 1 of the Spider Nest
 41271 | Spider:2 | Received a gift from Okawaru
 42156 | Spider:3 | Got a warped broad axe
 42157 | Spider:3 | Identified the cursed -2 broad axe of Unpleasantness {freeze, rPois rN+ Str+2 Stlth+} (You found it on level 3 of the Spider Nest)
 44711 | Spider:4 | Received a gift from Okawaru
 45178 | Spider:5 | Entered Level 5 of the Spider Nest
 45225 | Spider:5 | Reached skill level 10 in Armour
 45611 | Spider:5 | Reached XP level 18. HP: 134/160 MP: 27/27
 46350 | Spider:5 | Reached skill level 21 in Dodging
 46803 | Spider:5 | Got a gossamer rune of Zot
 47078 | Spider:3 | Received a gift from Okawaru
 47378 | Elf:1    | Entered Level 1 of the Elven Halls
 47824 | Elf:1    | Noticed an Ice Fiend
 48070 | Elf:1    | Identified the Guide on the Escort
 48073 | Elf:1    | Learned a level 1 spell: Summon Butterflies
 48106 | Elf:1    | Noticed Roxanne
 48180 | Elf:1    | Killed Roxanne
 49171 | Elf:2    | Gained mutation: Your mind is acute. (Int +2) [potion of beneficial mutation]
 49337 | Elf:2    | Received a gift from Okawaru
 49348 | Elf:2    | Got a blackened bardiche {god gift}
 49351 | Elf:2    | Identified the +7 bardiche "Leviticus" {speed, rElec MR++ Stlth+} (Okawaru gifted it to you on level 2 of the Elven Halls)
 49486 | Elf:2    | Found a runed gate.
 49493 | Elf:2    | Found a runed gate.
 49528 | Elf:2    | Found a runed gate.
 50817 | Elf:2    | Reached XP level 19. HP: 165/169 MP: 27/27
 50893 | Elf:3    | Entered Level 3 of the Elven Halls
 51103 | Elf:3    | Learned a level 1 spell: Apportation
 51106 | Elf:3    | Learned a level 2 spell: Shroud of Golubria
 51135 | Elf:3    | Found Pizek's Assorted Antiques.
 51136 | Elf:3    | Noticed Louise
 51153 | Elf:3    | Killed Louise
 51153 | Elf:3    | Reached skill level 22 in Dodging
 51164 | Elf:3    | Bought a potion of curing for 135 gold pieces
 51164 | Elf:3    | Bought a scroll of enchant armour for 337 gold pieces
 51807 | Elf:3    | Received a gift from Okawaru
 53666 | Elf:3    | Received a gift from Okawaru
 53753 | Elf:3    | Identified a +0 rod of the swarm (12/12) (You found it on level 3 of the Elven Halls)
 53761 | Elf:3    | Got a distressingly furry plate armour
 53790 | Elf:3    | Identified the cursed -4 plate armour "Ivien Agu" {Str+3 Int+2} (You found it on level 3 of the Elven Halls)
 53793 | Elf:3    | Got an ichor-stained glaive
 53794 | Elf:3    | Identified the +4 glaive "Impbane" {antimagic, rElec Dex+2} (You found it on level 3 of the Elven Halls)
 53902 | Elf:3    | Got a polished chain mail
 53903 | Elf:3    | Identified the cursed -3 chain mail of the New World {MR+ Dex+2 Slay+1} (You found it on level 3 of the Elven Halls)
 53915 | Elf:3    | Identified the Catalogue of Ashen Attacks (You found it on level 3 of the Elven Halls)
 54335 | D:15     | Entered Level 15 of the Dungeon
 54445 | D:15     | Found a staircase to the Depths.
 55964 | Depths:1 | Entered Level 1 of the Depths
 56032 | Vaults:1 | Entered Level 1 of the Vaults
 56110 | Vaults:1 | Received a gift from Okawaru
 56148 | Vaults:1 | Got an ebony demon trident {god gift}
 56149 | Vaults:1 | Identified the +7 demon trident "Worm's Wrath" {flame, MR+ Int+1 Dex+3} (Okawaru gifted it to you on level 1 of the Vaults)
 56399 | Vaults:1 | Upgraded the game from 0.16-a0-2939-g3ffa1c3 to 0.16-a0-2955-gfa193e0
 56468 | Vaults:1 | Reached XP level 20. HP: 170/178 MP: 30/30
 56934 | Vaults:1 | Reached skill level 10 in Evocations
 57579 | Vaults:1 | Received a gift from Okawaru
 57582 | Vaults:1 | Got an amethyst-encrusted leather armour {god gift}
 57609 | Vaults:1 | Identified the -3 leather armour "Jovvueti" {MR+} (Okawaru gifted it to you on level 1 of the Vaults)
 58385 | Vaults:1 | Found Neuplatz's Food Shop.
 59593 | Vaults:2 | Received a gift from Okawaru
 59773 | Vaults:2 | Reached XP level 21. HP: 178/185 MP: 36/36
 59844 | Vaults:2 | Reached skill level 15 in Evocations
 60533 | Vaults:2 | Received a gift from Okawaru
 61220 | Vaults:3 | Received a gift from Okawaru
 61223 | Vaults:3 | Noticed Norris
 61261 | Vaults:3 | Killed Norris
 61400 | Vaults:3 | Found a portal to a secret trove of treasure.
 61477 | Vaults:3 | Noticed Aizul
 61490 | Vaults:3 | Killed Aizul
 61595 | Vaults:3 | Found Rypoesuj's Antique Weapon Emporium.
 62127 | Vaults:3 | Found a staircase to the Crypt.
 63546 | Vaults:4 | Noticed Donald
 63560 | Vaults:4 | Killed Donald
 63647 | Vaults:4 | Reached XP level 22. HP: 196/196 MP: 36/36
 64093 | Vaults:4 | Received a gift from Okawaru
 65242 | Lair:5   | Noticed a death yak
 65248 | Lair:5   | Killed a death yak
 65256 | Lair:5   | Killed a death yak
 65268 | Lair:5   | Killed a death yak
 65369 | Lair:5   | Noticed an eight-headed hydra
 65379 | Lair:5   | Killed an eight-headed hydra
 65557 | Slime:1  | Entered Level 1 of the Pits of Slime
 65793 | Slime:6  | Entered Level 6 of the Pits of Slime
 66284 | Slime:6  | Noticed the royal jelly
 66696 | Slime:6  | Found a viscous altar of Jiyva.
 66830 | Slime:6  | Noticed a shard shrike shaped Royal Jelly
 66830 | Slime:6  | the royal jelly changed into a shard shrike shaped Royal Jelly
 66840 | Slime:6  | Killed a shard shrike shaped Royal Jelly
 67268 | Slime:3  | Reached skill level 23 in Fighting
 67364 | Slime:6  | Identified the Incunabulum of Unholy Rites (You found it on level 6 of the Pits of Slime)
 67367 | Slime:6  | Learned a level 1 spell: Animate Skeleton
 67371 | Slime:6  | Learned a level 3 spell: Regeneration
 67542 | Slime:6  | Got an ichor-stained helmet
 67545 | Slime:6  | Identified the +2 helmet "Pliodwaf" {rC++ Int+3 Stlth+} (You found it on level 6 of the Pits of Slime)
 67572 | Slime:6  | Identified Iskenderun's Incunabulum of Attacks
 67584 | Slime:6  | Got a slimy rune of Zot
 67588 | Slime:6  | Got a pitted plate armour
 67619 | Slime:6  | Gained mutation: Your vision is a little blurry. [a shining eye]
 67813 | Lair:8   | Identified the +13 plate armour of Relativism {Slay+4 Stlth-- Curse} (You found it on level 6 of the Pits of Slime)
 68358 | Depths:1 | Received a gift from Okawaru
 68376 | Depths:1 | Got a faintly glowing demon trident {god gift}
 68377 | Depths:1 | Identified the +1 demon trident of the Fox {flame, +Rage} (Okawaru gifted it to you on level 1 of the Depths)
 68888 | Depths:1 | Found a corrupted altar of Lugonu.
 68905 | Depths:1 | Found a one-way gate to the infinite horrors of the Abyss.
 69017 | Depths:1 | Reached skill level 15 in Shields
 69255 | Depths:1 | Found a gateway to Hell.
 69567 | Depths:2 | Reached XP level 23. HP: 181/207 MP: 37/37
 69747 | Depths:2 | Found a one-way gate leading to the halls of Pandemonium.
 69917 | Depths:2 | Received a gift from Okawaru
 70050 | Depths:2 | Got a twitching turquoise ring
 70052 | Depths:2 | Identified the ring "Nout" {Str+4 Dex+2 Stlth++} (You found it on level 2 of the Depths)
 70065 | Depths:2 | Got a sapphire-encrusted ring mail
 70069 | Depths:2 | Identified the cursed -2 ring mail of the Lotus Blossom {rN+} (You found it on level 2 of the Depths)
 70206 | Depths:2 | Found Citah's Gadget Boutique.
 70213 | Depths:2 | Bought a lamp of fire for 800 gold pieces
 70213 | Depths:2 | Bought a lamp of fire for 800 gold pieces
 70213 | Depths:2 | Bought a fan of gales for 800 gold pieces
 70454 | Depths:2 | Reached skill level 24 in Fighting
 72148 | Depths:3 | Reached skill level 25 in Fighting
 72618 | Depths:3 | Received a gift from Okawaru
 72681 | Depths:3 | Got a heavily runed large shield {god gift}
 72692 | Depths:3 | Identified the +12 large shield of Phy Riu {Dex+3} (Okawaru gifted it to you on level 3 of the Depths)
 73229 | Depths:3 | Noticed Mara
 73241 | Depths:3 | Noticed Ratboiler's illusion
 73257 | Depths:3 | Identified a scroll of acquirement
 73711 | Depths:3 | Reached XP level 24. HP: 221/221 MP: 38/38
 73800 | Depths:3 | Noticed Ratboiler's illusion
 73824 | Depths:3 | Killed Mara
 74720 | Depths:3 | Noticed Ratboiler's illusion
 74862 | Depths:3 | Received a gift from Okawaru
 74895 | Depths:3 | Noticed Ratboiler's illusion
 75569 | Depths:3 | Learned a level 2 spell: Repel Missiles
 75572 | Depths:3 | Learned a level 2 spell: Swiftness
 75576 | Depths:3 | Learned a level 3 spell: Flight
 76272 | Depths:5 | Entered Level 5 of the Depths
 76297 | Depths:4 | Noticed Frederick
 76319 | Depths:4 | Killed Frederick
 76602 | Depths:4 | Found a corrupted altar of Lugonu.
 76934 | Depths:5 | Noticed Xtahua
 76943 | Depths:5 | Killed Xtahua
 77392 | Depths:5 | Received a gift from Okawaru
 77443 | Depths:5 | Noticed Jorgrun
 77479 | Depths:5 | Reached XP level 25. HP: 186/228 MP: 38/38
 77495 | Depths:5 | Killed Jorgrun
 77671 | Depths:5 | Found a gate to the Realm of Zot.
 77904 | Depths:5 | Found a gateway to a ziggurat.
 77937 | Zig:1    | Entered Level 1 of a ziggurat
 77976 | Zig:2    | Entered Level 2 of a ziggurat
 78011 | Zig:3    | Entered Level 3 of a ziggurat
 78053 | Zig:4    | Entered Level 4 of a ziggurat
 78239 | Zig:5    | Entered Level 5 of a ziggurat
 78329 | Zig:5    | Reached XP level 26. HP: 235/235 MP: 39/39
 78338 | Zig:6    | Entered Level 6 of a ziggurat
 78417 | Zig:6    | Reached XP level 27. HP: 242/242 MP: 39/39
 78427 | Zig:7    | Entered Level 7 of a ziggurat
 78651 | Zig:7    | Got a jewelled ring mail
 78653 | Zig:7    | Identified the cursed +0 ring mail of Chetz {SInv} (You found it on level 7 of a ziggurat)
 78667 | Zig:7    | Got a spiked ring mail
 78668 | Zig:7    | Identified the +3 ring mail "Bruovva" {Int-3} (You found it on level 7 of a ziggurat)
 79163 | Vaults:3 | You paid a toll of 2 potions of cure mutation to enter a treasure trove
 79164 | Trove    | Entered a treasure trove
 79793 | Zot:1    | Entered Level 1 of the Realm of Zot
 80102 | Zot:1    | Received a gift from Okawaru
 81377 | Zot:2    | Found a basalt altar of Yredelemnul.
 81484 | Zot:2    | Received a gift from Okawaru
 81592 | Zot:2    | Noticed an orb of fire
 81630 | Zot:2    | Killed an orb of fire
 82224 | Zot:2    | Received a gift from Okawaru
 82660 | Zot:2    | Identified Ubasy's Incunabulum of the Zealot
 82670 | Zot:2    | Identified the Tome of Fire and Brimstone
 82872 | Zot:3    | Reached skill level 5 in Invocations
 84810 | Zot:3    | Received a gift from Okawaru
 85188 | Zot:3    | Noticed an ancient lich
 85362 | Zot:2    | Reached skill level 10 in Invocations
 85556 | Zot:3    | Killed an ancient lich
 86205 | Zot:3    | Reached skill level 1 in Charms
 86213 | Zot:3    | Reached skill level 1 in Necromancy
 86252 | Zot:3    | Reached skill level 1 in Air Magic
 87139 | Zot:4    | Received a gift from Okawaru
 87149 | Zot:4    | Reached skill level 5 in Charms
 87344 | Zot:4    | Got a faintly glowing helmet {god gift}
 87345 | Zot:4    | Identified the -1 helmet "Orchaeli" {rF+ rN+} (Okawaru gifted it to you on level 4 of the Realm of Zot)
 87643 | Zot:4    | Reached skill level 1 in Translocations
 87963 | Zot:5    | Entered Level 5 of the Realm of Zot
 88522 | Zot:5    | Noticed an ancient lich
 88548 | Zot:5    | Killed an ancient lich
 88587 | Zot:5    | Noticed an orb of fire
 88608 | Zot:5    | Noticed an ancient lich
 88613 | Zot:5    | Killed an orb of fire
 88639 | Zot:5    | Paralysed by an ancient lich for 4 turns
 88658 | Zot:5    | Killed an ancient lich
 89075 | Zot:5    | Noticed an ancient lich
 89096 | Zot:5    | Reached skill level 5 in Translocations
 89098 | Zot:5    | Noticed an ancient lich
 89107 | Zot:5    | Noticed an ancient lich
 89116 | Zot:5    | Killed an ancient lich
 89120 | Zot:5    | Noticed an ancient lich
 89127 | Zot:5    | Killed an ancient lich
 89146 | Zot:5    | Killed an ancient lich
 89146 | Zot:5    | Received a gift from Okawaru
 89160 | Zot:5    | Killed an ancient lich
 89214 | Zot:5    | Noticed an orb of fire
 89227 | Zot:5    | Killed an orb of fire
 89413 | Zot:5    | Noticed an orb of fire
 89454 | Zot:5    | Killed an orb of fire
 89526 | Zot:5    | Reached skill level 26 in Dodging
 89688 | Zot:5    | Noticed an ancient lich
 89689 | Zot:5    | Noticed an ancient lich
 89716 | Zot:5    | Killed an ancient lich
 89775 | Zot:5    | Killed an ancient lich
 89775 | Zot:5    | Reached skill level 27 in Dodging
 89780 | Zot:5    | Received a gift from Okawaru
 89814 | Zot:5    | Got the Orb of Zot
 89849 | Zot:5    | Noticed an orb of fire
 89855 | Zot:5    | Noticed an orb of fire
 89907 | Zot:5    | Gained mutation: You tend to lose your temper in combat. [mutagenic glow]
 90075 | Zot:2    | Noticed Aha Tham the pandemonium lord
 90087 | Zot:2    | Cast into the Abyss (Aha Tham)
 90165 | Abyss:2  | Lost mutation: Your vision is a little blurry. [potion of cure mutation]
 90165 | Abyss:2  | Lost mutation: Your mind is acute. (Int +2) [potion of cure mutation]
 90165 | Abyss:2  | Lost mutation: You tend to lose your temper in combat. [potion of cure mutation]
 90262 | Abyss:2  | Found a deep blue altar of Sif Muna.
 90368 | Zot:2    | Escaped the Abyss
 90378 | Zot:2    | Noticed Sties the pandemonium lord
 90926 | D:$      | Escaped with the Orb!

Action                   |  1- 3 |  4- 6 |  7- 9 | 10-12 | 13-15 | 16-18 | 19-21 | 22-24 | 25-27 || total
-------------------------+-------+-------+-------+-------+-------+-------+-------+-------+-------++-------
Melee: Dagger            |    93 |   287 |   348 |       |       |       |       |       |       ||   728
       Spear             |       |       |   348 |  1163 |  4510 |  3013 |     5 |       |       ||  9039
       Trident           |       |       |       |       |       |   935 |   367 |       |       ||  1302
       Bardiche          |       |       |       |       |       |   199 |   281 |       |       ||   480
       Demon trident     |       |       |       |       |       |       |  2002 |  2773 |  3210 ||  7985
 Fire: Blowgun           |       |       |       |       |       |    34 |       |       |       ||    34
Throw: Stone             |     3 |    18 |       |       |       |       |       |       |       ||    21
       Tomahawk          |       |       |     8 |     2 |       |       |       |       |     1 ||    11
 Cast: Repel Missiles    |       |       |       |       |       |       |       |       |     1 ||     1
Invok: Heroism           |       |       |       |     2 |    23 |    19 |    11 |     5 |    23 ||    83
       Finesse           |       |       |       |       |       |       |       |       |     5 ||     5
Evoke: Wand              |       |       |    14 |     8 |     5 |    12 |     2 |    20 |    18 ||    79
       Phantom mirror    |       |       |       |       |     1 |       |       |       |       ||     1
       Lamp of fire      |       |       |       |       |       |       |     1 |     3 |     6 ||    10
  Use: Scroll            |       |     5 |    14 |    12 |    12 |    18 |    11 |    20 |    34 ||   126
       Potion            |       |     2 |     3 |       |     1 |     8 |     5 |     2 |    26 ||    47
 Stab: Sleeping          |     3 |     3 |    15 |    13 |    15 |    13 |    10 |    22 |    22 ||   116
       Invisible         |       |     2 |       |       |       |       |       |       |       ||     2
       Distracted        |       |       |     2 |     1 |     4 |     4 |    10 |    12 |    15 ||    48
       Confused          |       |       |       |       |       |       |       |       |     2 ||     2
  Eat: Chunk             |     3 |     9 |     9 |     6 |    27 |     3 |     6 |       |     3 ||    66
       Meat ration       |       |       |     1 |       |     3 |     9 |     3 |     9 |     3 ||    28
       Bread ration      |       |       |     1 |       |       |       |     3 |     1 |     6 ||    11
       Fruit             |       |       |     4 |       |     9 |     6 |     6 |     5 |     3 ||    33
       Beef jerky        |       |       |       |     6 |     3 |     4 |       |       |       ||    13
       Royal jelly       |       |       |       |     2 |       |       |     1 |       |     3 ||     6
       Pizza             |       |       |       |       |     3 |       |     3 |       |     1 ||     7
